Map: Kairos Junction LE

Players

MiuGu - Winner!

  • Race: Zerg Zerg
  • League: Platinum
  • Spawn Location: 5:00

IIIiiiIIIiii

  • Race: Terran Terran
  • League: Platinum
  • Spawn Location: 11:00

VOD

Have the link to the VOD?

Description

Time

  • Played on: May 13, 2019, 12:41 p.m.
  • Length: 16:46
Show
View Real Time Build Order
Export as new Build Order

MiuGu Zerg - Winner!

Build Orders: Hatch First, Muta Ling Bane 

Get SALT Encoding   

  12  0:01  Drone  
  13  0:12  Overlord  
  13  0:17  Drone  
  14  0:30  Drone x2  
  16  0:49  Hatchery  
  15  0:53  Drone  
  15  0:55  Drone  
  17  0:59  Drone  
  18  1:10  Extractor  
  17  1:17  Spawning Pool  
  16  1:19  Drone  
  16  1:21  Drone  
  18  1:28  Drone  
  19  1:40  Drone  
  21  1:54  Drone  
  21  2:04  Queen x2  
  21  2:05  Zergling x4  
  27  2:18  Hatchery  
  26  2:27  Overlord  
  26  2:29  Drone x2  
  28  2:31  Metabolic Boost  
  28  2:48  Queen  
  30  2:52  Drone x4  
  30  2:53  Drone  
  35  3:01  Drone  
  36  3:10  Overlord x2  
  36  3:32  Overlord  
  36  3:33  Drone  
  36  3:34  Drone x5  
  42  3:39  Drone  
  43  3:57  Drone x5  
  43  3:59  Drone x3  
  51  4:03  Overlord  
  51  4:04  Drone x6  
  56  4:21  Drone x2  
  56  4:22  Baneling Nest  
  57  4:25  Zergling x8  
  57  4:27  Overlord  
  62  4:31  Zergling x2  
  62  4:32  Zergling x6  
  62  4:36  Overlord x2  
  65  4:50  Spore Crawler  
  64  4:53  Spore Crawler  
  64  4:54  Spore Crawler, Queen x3  
  64  4:57  Zergling x14  
  75  5:27  Drone x5  
  80  5:30  Hatchery  
  80  5:35  Baneling x6  
  81  5:36  Baneling x3, Evolution Chamber  
  81  5:40  Evolution Chamber  
  77  6:02  Hatchery  
  77  6:03  Hatchery  
  75  6:06  Drone x6  
  75  6:08  Overlord x4  
  81  6:22  Overlord x3  
  81  6:26  Drone x7  
  81  6:29  Lair  
  81  6:30  Queen  
  81  6:31  Queen  
  92  6:37  Drone  
  92  6:38  Drone x3  
  96  6:45  Extractor  
  96  6:46  Extractor  
  94  6:47  Extractor  
  94  6:48  Extractor  
  92  6:57  Drone x2  
  92  7:01  Drone x7  
  100  7:02  Extractor  
  100  7:09  Zerg Melee Weapons Level 1  
  100  7:18  Overlord x2  
  100  7:19  Zergling x2  
  100  7:20  Zergling x26  
  114  7:37  Centrifical Hooks  
  114  7:42  Zerg Ground Armor Level 1, Spire  
  112  7:57  Pneumatized Carapace  
  112  8:01  Overlord  
  112  8:02  Overlord x4  
  113  8:12  Drone  
  113  8:13  Drone x6  
  119  8:33  Baneling  
  119  8:34  Baneling x9  
  119  8:36  Zergling x14  
  119  8:37  Zergling x26  
  139  9:12  Mutalisk x11  
  139  9:14  Mutalisk  
  163  9:20  Mutalisk  
  165  9:25  Extractor  
  165  9:27  Extractor  
  163  9:44  Zerg Melee Weapons Level 2, Zerg Ground Armor Level 2  
  163  9:52  Zerg Flyer Weapons Level 1  
  163  9:57  Spore Crawler  
  163  9:58  Spore Crawler  
  163  9:59  Drone  
  163  10:00  Drone x5  
  167  10:19  Infestation Pit  
  167  10:20  Mutalisk x2  
  167  10:21  Mutalisk x2  
  170  10:27  Zergling x40  
  170  10:28  Zergling x2  
  195  10:36  Overlord x2  
  195  10:37  Overlord x4  
  195  10:58  Hive  
  195  11:11  Drone x3  
  195  11:12  Drone  
  195  11:16  Hatchery  
  198  11:21  Hatchery  
  198  11:25  Hatchery  
  196  11:28  Zergling x6  
  196  11:29  Zergling x24  
  196  11:30  Zergling x10  
  190  11:37  Zergling x2  
  190  11:38  Zergling x54  
  190  11:39  Zergling x8  
  179  11:50  Zergling x2  
  179  11:51  Zergling x22  
  188  12:23  Overseer  
  188  12:37  Zergling x2  
  188  12:38  Zergling x22  
  188  12:42  Baneling x20  
  188  12:43  Baneling x21  
  200  12:49  Zerg Melee Weapons Level 3, Zerg Ground Armor Level 3  
  200  12:53  Greater Spire  
  199  13:12  Hatchery  
  175  13:30  Zergling x8  
  175  13:31  Zergling x46  
  175  13:32  Zergling x30  
  169  13:42  Adrenal Glands  
  164  14:14  Corruptor x7  
  164  14:15  Corruptor x11  
  199  14:29  Baneling x8  
  199  14:30  Baneling x14  
  199  14:50  Zerg Flyer Armor Level 1  
  171  15:26  Zergling x12  
  171  15:27  Zergling x36  
  169  15:29  Infestor x13  
  169  15:30  Infestor  
  188  15:36  Brood Lord  
  190  15:51  Hatchery  
  189  15:58  Hatchery  
  181  16:19  Zergling x2  
Show
View Real Time Build Order
Export as new Build Order

IIIiiiIIIiii Terran 

Build Orders: Mech 

Get SALT Encoding   

  12  0:01  SCV  
  13  0:13  SCV  
  14  0:18  Supply Depot  
  14  0:25  SCV  
  15  0:39  SCV  
  15  0:40  Barracks  
  16  0:46  Refinery  
  16  0:51  SCV  
  17  1:06  SCV  
  18  1:18  SCV  
  19  1:28  Supply Depot  
  19  1:30  Marine  
  19  1:31  Orbital Command  
  20  1:50  Marine  
  21  1:57  SCV  
  22  2:07  Factory, Marine  
  23  2:09  SCV  
  24  2:17  Command Center  
  24  2:36  Marine  
  26  2:44  SCV  
  26  2:47  Refinery  
  26  2:52  Factory Tech Lab  
  26  2:54  Marine  
  26  2:55  Supply Depot  
  27  3:02  SCV  
  28  3:12  Marine  
  29  3:15  Engineering Bay  
  29  3:16  Siege Tank  
  32  3:29  Marine, Orbital Command  
  32  3:30  SCV  
  34  3:47  Marine  
  35  3:49  Hellion  
  35  3:50  Missile Turret  
  35  3:51  Starport  
  37  4:04  SCV  
  37  4:05  Marine  
  39  4:10  Siege Tank  
  39  4:11  Missile Turret  
  39  4:13  SCV  
  39  4:16  SCV  
  44  4:20  Missile Turret  
  44  4:29  Starport Tech Lab  
  44  4:37  Missile Turret  
  44  4:41  SCV  
  44  4:42  Missile Turret x2, Hellion  
  47  4:48  SCV  
  47  4:50  Banshee  
  47  4:51  Cloaking Field  
  51  4:54  Marine  
  52  5:00  Orbital Command  
  52  5:02  SCV  
  52  5:03  Missile Turret  
  53  5:12  Marine  
  54  5:24  Missile Turret  
  54  5:30  Marine, Siege Tank  
  54  5:31  Supply Depot  
  54  5:33  Viking  
  60  5:36  SCV x2  
  62  5:53  Marine  
  62  5:55  SCV  
  64  5:57  Supply Depot  
  64  5:59  Supply Depot  
  64  6:00  Supply Depot  
  64  6:01  Supply Depot x2  
  64  6:03  Viking, Hellion  
  68  6:11  Marine, SCV  
  70  6:20  SCV  
  70  6:23  SCV  
  72  6:28  Supply Depot  
  72  6:29  Marine  
  73  6:33  Banshee  
  73  6:35  Siege Tank  
  79  6:43  SCV, Refinery  
  79  6:46  Refinery  
  80  6:51  Missile Turret  
  80  6:52  Marine  
  81  7:07  SCV  
  81  7:08  Siege Tank  
  85  7:13  Missile Turret  
  85  7:15  Banshee  
  85  7:16  SCV  
  89  7:23  Marine  
  90  7:38  Missile Turret  
  90  7:40  SCV  
  90  7:43  SCV  
  92  7:46  Siege Tank  
  92  7:50  Factory  
  95  7:53  Marine  
  95  7:55  Factory  
  96  7:58  Banshee  
  96  8:00  Missile Turret  
  99  8:11  Marine  
  100  8:14  SCV  
  101  8:26  Siege Tank  
  104  8:27  Command Center  
  104  8:28  Marine, Command Center  
  105  8:34  Factory Reactor  
  105  8:38  Factory Tech Lab  
  105  8:40  Supply Depot  
  105  8:41  Banshee, Supply Depot  
  108  8:59  SCV x2, Hellion  
  112  9:08  Supply Depot, Marine  
  113  9:24  Banshee  
  113  9:26  Marine  
  117  9:40  Refinery x2  
  117  9:44  Marine  
  118  9:59  Orbital Command  
  118  10:02  Marine  
  118  10:03  Command Center  
  119  10:07  Viking  
  121  10:16  Siege Tank x2  
  121  10:18  Hellion x2  
  121  10:19  Marine  
  132  10:21  Missile Turret  
  132  10:26  Planetary Fortress  
  132  10:28  SCV  
  133  10:30  SCV  
  133  10:33  SCV  
  135  10:37  Viking, Marine  
  135  10:40  SCV, Hellion x2  
  143  10:48  Siege Tank x2  
  149  10:50  Supply Depot  
  149  10:55  Supply Depot  
  149  10:59  Marine  
  149  11:02  Hellion x2  
  149  11:03  Infernal Pre-Igniter  
  154  11:07  Banshee  
  154  11:11  Armory  
  157  11:17  Orbital Command  
  158  11:20  Siege Tank x2  
  158  11:23  Hellion  
  158  11:24  Hellion  
  158  11:25  Command Center  
  104  11:49  Banshee  
  104  11:52  Orbital Command, Siege Tank  
  97  12:15  Liberator  
  97  12:57  Thor x2  
  97  12:58  Liberator  
  109  13:09  Missile Turret  
  70  13:41  Liberator  
  64  13:56  SCV  
  68  14:20  Planetary Fortress  
  68  14:27  Hellion  
  70  14:41  Viking  
  12  15:53  SCV  
  10  15:57  Barracks  
  10  15:59  Barracks  
  10  16:05  Starport Reactor  
  10  16:06  Factory Tech Lab  
Tags
 
Add a new tag
Caveats
  • Supply blocks, unpowered buildings, or Contaminate may cause inaccurate times.
  • Supply counts are checked every 10 seconds.